AoeStats
← [KMNB] Bandeira

Arabia

507298603Analyzed
2v2 RM · 16d ago on Sep 17, 2026· 13m 52s· 4 players
Game mode
Random Map
Map size
Medium (4 player)
Population
200
Speed
Normal
Resources
Standard
Victory
Conquest
Starting age
Dark Age
Ending age
Imperial Age
RankedLock teamsTeams togetherTeam positionsShared explorationLock speedFull tech treeHidden civsTurbo modeCheats
Victory
Defeat
🇨🇳 Ethiopians · China
1579
+14
🇨🇳 Khmer · China
1573
+14
🇧🇷 Ethiopians · Brazil
1561
-15
🇧🇷 Magyars · Brazil
1510
-13
[KMNB] Bandeira
6:56 Loom
10:18 Feudal Age
11:02 Horse Collar
Fs.Khronos
3:54 Loom
9:30 Feudal Age
9:56 Double-Bit Axe
12:06 Fletching
Player86688262
3:12 Loom
6:04 Loom
6:07 Loom
8:46 Feudal Age
mongo
5:57 Loom
8:42 Feudal Age
9:15 Double-Bit Axe
Connection lost

Rejoining the realm…

Still unreachable

The connection could not be restored.

Session expired

The server has moved on; the page needs a fresh start.